 Dungeon Crawl Stone Soup version 0.24-a0-139-geb6712d (webtiles) character file.

Game seed: 8103664264911859501

59 Lanoc the Shield-Bearer (level 4, 0/37 HPs)
             Began as a Formicid Fighter on Mar 2, 2019.
             Killed from afar by an orc wizard (4 damage)
             ... with a magic dart
             ... on level 2 of the Dungeon.
             The game lasted 00:01:01 (257 turns).

Lanoc the Shield-Bearer (Formicid Fighter)           Turns: 257, Time: 00:01:02

Health: 0/37       AC:  6    Str: 21    XL:     4   Next: 22%
Magic:  4/4        EV:  8    Int:  7    God:
Gold:   0          SH:  9    Dex: 11    Spells: 3/3 levels left

rFire    . . .     SeeInvis +   a - +0 war axe
rCold    . . .     Gourm    .   c - +0 shield
rNeg     . . .     Faith    .   b - +0 scale mail
rPois    .         Spirit   .   (helmet unavailable)
rElec    .         Reflect  .   (no cloak)
rCorr    .         Harm     .   (no gloves)
MR       .....                  (no boots)
Stlth    ..........             (no amulet)
HPRegen  0.12/turn              (no ring)
MPRegen  0.09/turn              (no ring)

@: no status effects
A: permanent stasis, dig shafts and tunnels, four strong arms, antennae 3
a: Dig, Shaft Self


You were on level 2 of the Dungeon.
You were not hungry.

You visited 1 branch of the dungeon, and saw 2 of its levels.

Inventory:

Hand Weapons
 a - a +0 war axe (weapon)
Armour
 b - a +0 scale mail (worn)
 c - a +0 shield (worn)
Scrolls
 e - a scroll of teleportation {unknown}
 i - a scroll of identify {unknown}
Potions
 d - a potion of might
 g - a potion of brilliance {unknown}
 h - a potion of heal wounds {unknown}
 j - a potion of curing {unknown}
Comestibles
 f - a ration
 k - 9 chunks of flesh


   Skills:
 + Level 3.7 Fighting
 * Level 2.9 Axes
 + Level 3.6 Armour
 + Level 1.1 Dodging
 + Level 4.0 Shields


You had 3 spell levels left.
You didn't know any spells.
Your spell library was empty.

Dungeon Overview and Level Annotations

Branches:
Dungeon (2/15)

Altars:


Innate Abilities, Weirdness & Mutations

You cannot be hasted, slowed, berserked, paralysed or teleported.
You can dig through walls and to a lower floor.
Your four strong arms can wield two-handed weapons with a shield.
You have a pair of large antennae on your head. (SInv)


Message History

You closely miss the orc wizard.
The orc wizard is heavily wounded.
The orc wizard gestures wildly while chanting.
The orc wizard seems to speed up.
You hit the orc wizard but do no damage.
The orc wizard is heavily wounded.
You block the orc wizard's attack.
The orc wizard gestures at you while chanting.
The puff of frost hits you.
* * * LOW HITPOINT WARNING * * *
You hit the orc wizard.
The orc wizard is severely wounded.
You block the orc wizard's attack.
The orc wizard hits you but does no damage.
You miss the orc wizard.
The orc wizard is severely wounded.
The orc wizard closely misses you.
The orc wizard gestures at you while chanting.
The magic dart hits you.
You die...

#%.....##...#
##......##...####
.................
####.....##...#######.....
..........................
#.......#......####.......
#......[..(............#..
#........#.......#.....##.#
#........#@#...#.#.....##..
#........#)o.....#....†# ..
#........#.......#.....# #.
##........#.......#.....###.
#.........#.#...#.#......(((
#.........#.......#.########
#.........##.....##.# #####
#......##.###$⌠$###.# #....
#......##..#######..# #....


You could see an orc wizard.

Vanquished Creatures
  An orc priest (D:2)
  An adder (D:2)
  A worm (D:2)
  4 orcs (D:2)
  2 giant cockroaches (D:2)
  A goblin (D:2)
  A hobgoblin (D:2)
  A kobold (D:2)
  4 rats
16 creatures vanquished.

Notes
Turn   | Place    | Note
-------+----------+-------------------------------------------
     0 | D:1      | Lanoc the Formicid Fighter began the quest for the Orb.
     0 | D:1      | Reached XP level 1. HP: 18/18 MP: 1/1
   159 | D:2      | Reached XP level 2. HP: 22/24 MP: 2/2
   223 | D:2      | Reached XP level 3. HP: 29/29 MP: 3/3
   252 | D:2      | Reached skill level 1 in Dodging
   252 | D:2      | Reached skill level 4 in Shields
   252 | D:2      | Reached XP level 4. HP: 10/37 MP: 4/4
   257 | D:2      | Killed from afar by an orc wizard

Levels and vault maps discovered:
D:1:      dpeg_arrival_three_bigger_balls, layout_basic
D:2:      cheibrodos_pilgrimage, layout_basic,
          grunt_temple_overflow_growth_and_decay, first_ration

Skill      XL: |  1  2  3 |
---------------+----------+-----
Dodging        | 1 |  1.1
Shields        | 4 |  4.0
Fighting       | |  3.7
Axes           | |  2.9
Armour         | |  3.6

Action                   |  1- 3 |  4- 6 || total
-------------------------+-------+-------++-------
Melee: War axe           |    50 |     5 ||    55
Armor: Scale mail        |    23 |     1 ||    24
Dodge: Dodged            |    19 |     2 ||    21
Block: Shield            |    30 |     2 ||    32

Table legend:
 A = Non-vault XP
 B = Vault XP
 C = Vault XP percentage of total XP
 D = Non-vault monster count
 E = Vault monster count
 F = Vault count percentage of total count
                 A         B        C        D         E       F
            +---------+---------+-------+---------+---------+-------
      Total |      32 |      53 |  62.4 |      11 |       5 |  31.2
            +---------+---------+-------+---------+---------+-------
        D:1 |       2 |       0 |   0.0 |       2 |       0 |   0.0
        D:2 |      30 |      53 |  63.9 |       9 |       5 |  35.7
            +---------+---------+-------+---------+---------+-------
